 Dungeon Crawl Stone Soup version 0.26-a0-30-g56b8cd3df0 (webtiles) character file.

Game seed: 2459122410860268316, levelgen mode: deterministic

633 gruber the Magician (level 7, -4/51 HPs)
             Began as a Gnoll Wizard on June 2, 2020.
             Was an Initiate of Vehumet.
             Slain by a gnoll (6 damage)
             ... on level 7 of the Dungeon.
             The game lasted 00:06:29 (5584 turns).

gruber the Magician (Gnoll Wizard)                  Turns: 5584, Time: 00:06:29

Health: -4/51      AC:  2    Str: 10    XL:     7   Next: 49%
Magic:  18/18      EV:  7    Int: 22    God:    Vehumet [......]
Gold:   300        SH:  0    Dex: 13    Spells: 11/21 levels left

rFire    . . .     SeeInvis .   k - +1 dagger (venom)
rCold    . . .     Gourm    .   (no shield)
rNeg     . . .     Faith    .   a - +0 robe
rPois    .         Spirit   .   b - +0 hat
rElec    .         Reflect  .   (no cloak)
rCorr    .         Harm     .   (no gloves)
MR       .....                  (no boots)
Stlth    +++.......             (no amulet)
HPRegen  0.17/turn              (no ring)
MPRegen  0.16/turn              (no ring)

@: held
A: distributed training, fangs 1, strong nose
a: Renounce Religion


You were on level 7 of the Dungeon.
You worshipped Vehumet.
Vehumet was noncommittal.
You were not hungry.

You visited 2 branches of the dungeon, and saw 8 of its levels.

You collected 300 gold pieces.

Inventory:

Hand Weapons
 j - a +0 spear
 k - a +1 dagger of venom (weapon)
Armour
 a - a +0 robe (worn)
 b - a +0 hat (worn)
Wands
 s - a wand of paralysis (12)
 w - a wand of acid (8)
Scrolls
 f - 4 scrolls of remove curse {unknown}
 g - 11 scrolls of identify {unknown}
 h - a scroll of enchant armour {unknown}
 n - 3 scrolls of noise {unknown}
 p - 2 scrolls of teleportation {unknown}
 q - a scroll of enchant weapon {unknown}
 x - a scroll of fog {unknown}
Potions
 c - 2 potions of degeneration {unknown}
 e - 2 potions of magic {unknown}
 i - a potion of ambrosia {unknown}
 l - 3 potions of flight {unknown}
 m - a potion of curing {unknown}
 o - 2 potions of might {unknown}
 r - a potion of invisibility {unknown}
 t - a potion of stabbing {unknown}
 v - a potion of haste {unknown}
Comestibles
 d - 7 rations
 u - 7 chunks of flesh


   Skills:
 + Level 2.5 Fighting
 + Level 2.5 Short Blades
 + Level 2.5 Long Blades
 + Level 2.5 Axes
 + Level 2.5 Maces & Flails
 + Level 2.5 Polearms
 + Level 2.5 Staves
 + Level 2.5 Slings
 + Level 2.5 Bows
 + Level 2.5 Crossbows
 + Level 2.5 Throwing
 + Level 2.5 Armour
 + Level 5.2 Dodging
 + Level 4.9 Stealth
 + Level 2.5 Shields
 + Level 2.5 Unarmed Combat
 + Level 7.6 Spellcasting
 + Level 3.0 Conjurations
 + Level 2.0 Hexes
 + Level 2.0 Charms
 + Level 3.0 Summonings
 + Level 2.0 Necromancy
 + Level 3.0 Translocations
 + Level 2.0 Transmutations
 + Level 2.0 Fire Magic
 + Level 2.0 Ice Magic
 + Level 2.0 Air Magic
 + Level 2.0 Earth Magic
 + Level 2.0 Poison Magic
 + Level 2.7 Invocations
 + Level 2.5 Evocations


You had 11 spell levels left.
You knew the following spells:

 Your Spells              Type           Power        Failure   Level  Hunger
a - Magic Dart            Conj           ###.         2%          1    None
b - Blink                 Tloc           N/A          3%          2    None
c - Call Imp              Summ           ###.....     3%          2    None
d - Mephitic Cloud        Conj/Pois/Air  ###.....     9%          3    None
e - Slow                  Hex            ###.....     4%          2    None

Your spell library contained the following spells:

 Spells                   Type           Power        Failure   Level  Hunger
 Apportation              Tloc           ###...       2%          1    None
 Summon Small Mammal      Summ           ###.         2%          1    None
 Animate Skeleton         Necr           N/A          3%          1    None
 Corona                   Hex            ###....      3%          1    None
 Conjure Flame            Conj/Fire      ###.....     9%          3    None


Dungeon Overview and Level Annotations

Branches:
Dungeon (7/15)             Temple (1/1) D:7

Altars:
Ashenzari
Cheibriados
Elyvilon
Fedhas
Gozag
Hepliaklqana
Kikubaaqudgha
Makhleb
Nemelex Xobeh
Okawaru
Qazlal
Ru
Sif Muna
Trog
Uskayaw
Vehumet
Wu Jian
Xom
Zin
The Shining One


Innate Abilities, Weirdness & Mutations

Your experience applies equally to all skills.
You have very sharp teeth.
Your uncanny sense of smell can sniff out nearby items.


Message History

A gnoll sergeant comes into view. It is wielding a -3 spear.
A gnoll comes into view. It is wielding a +0 whip.
A gnoll comes into view. It is wielding a +0 spear.
The gnoll barely misses you.
A gnoll comes into view. It is wielding a +0 flail.
Unknown command.
The gnoll hits you with a +0 flail.
The gnoll throws a throwing net.
The throwing net hits you.
You become entangled in the net!
The gnoll hits you with a +0 whip!
You see here a throwing net.
You tear a large gash into the net.
The gnoll hits you with a +0 whip. The gnoll hits you but does no damage.
The gnoll hits you with a +0 whip.
You struggle against the net.
The gnoll hits you from afar with a cursed +0 halberd.
The gnoll hits you with a +0 whip.
* * * LOW HITPOINT WARNING * * *
The gnoll sergeant hits you from afar with a +0 spear!
* * * LOW HITPOINT WARNING * * *
The gnoll hits you.
You die...

................
...............#
...............#
.......g.......#
..............#
.......g......#
#...ggg....#
#...ggg####
#####@g# #..##
#.## .. ..# ##.
#. #.


You could see 2 gnoll sergeants and 7 gnolls.

Vanquished Creatures
  A phantom (D:4)
  2 bullfrogs
  A scorpion (D:4)
  An orc priest (D:5)
  A bullfrog skeleton (D:5)
  Natasha (D:3)
  A worker ant (D:4)
  7 adders
  An ooze (D:3)
  2 worms (D:2)
  A dart slug (D:2)
  6 leopard geckos
  7 orcs
  7 giant cockroaches
  4 goblins
  8 hobgoblins
  8 jackals
  4 quokkas
  2 ball pythons (D:1)
  3 bats
  12 frilled lizards
  5 kobolds
  6 rats
91 creatures vanquished.

Vanquished Creatures (collateral kills)
  An ogre (D:4)
  A scorpion (D:5)
  An orc wizard (D:5)
  4 adders
  A dart slug (D:2)
  A leopard gecko (D:4)
  4 orcs (D:3)
  A goblin (D:2)
  3 jackals (D:4)
  A ball python (D:2)
  2 frilled lizards (D:2)
  2 rats (D:2)
22 creatures vanquished.

Grand Total: 113 creatures vanquished

Notes
Turn   | Place    | Note
-------+----------+-------------------------------------------
     0 | D:1      | gruber the Gnoll Wizard began the quest for the Orb.
     0 | D:1      | Reached XP level 1. HP: 13/13 MP: 8/8
   129 | D:1      | Reached XP level 2. HP: 19/19 MP: 6/10
   233 | D:1      | Learned a level 2 spell: Blink
   236 | D:1      | Learned a level 2 spell: Call Imp
   491 | D:1      | Reached XP level 3. HP: 9/25 MP: 11/11
  1142 | D:2      | Reached skill level 1 in Invocations
  1427 | D:2      | Reached skill level 1 in Fighting
  1427 | D:2      | Reached skill level 1 in Short Blades
  1427 | D:2      | Reached skill level 1 in Long Blades
  1427 | D:2      | Reached skill level 1 in Axes
  1427 | D:2      | Reached skill level 1 in Maces & Flails
  1427 | D:2      | Reached skill level 1 in Polearms
  1427 | D:2      | Reached skill level 1 in Staves
  1427 | D:2      | Reached skill level 1 in Slings
  1427 | D:2      | Reached skill level 1 in Bows
  1427 | D:2      | Reached skill level 1 in Crossbows
  1427 | D:2      | Reached skill level 1 in Throwing
  1427 | D:2      | Reached skill level 1 in Armour
  1427 | D:2      | Reached skill level 1 in Shields
  1427 | D:2      | Reached skill level 1 in Unarmed Combat
  1427 | D:2      | Reached skill level 1 in Evocations
  1429 | D:2      | Reached XP level 4. HP: 20/32 MP: 9/13
  1852 | D:2      | Found a hazy altar of Hepliaklqana.
  1922 | D:2      | Found a snail-covered altar of Cheibriados.
  2221 | D:3      | Reached skill level 1 in Hexes
  2221 | D:3      | Reached skill level 1 in Charms
  2221 | D:3      | Reached skill level 1 in Necromancy
  2221 | D:3      | Reached skill level 1 in Transmutations
  2221 | D:3      | Reached skill level 1 in Fire Magic
  2221 | D:3      | Reached skill level 1 in Ice Magic
  2221 | D:3      | Reached skill level 1 in Air Magic
  2221 | D:3      | Reached skill level 1 in Earth Magic
  2221 | D:3      | Reached skill level 1 in Poison Magic
  2430 | D:3      | Reached XP level 5. HP: 35/37 MP: 14/14
  2958 | D:3      | Noticed Natasha
  2959 | D:3      | Found an ornate altar of the Wu Jian Council.
  2976 | D:3      | Killed Natasha
  3896 | D:4      | Noticed an ogre
  3896 | D:4      | Noticed a phantom
  3916 | D:4      | Killed an ogre
  3916 | D:4      | Reached XP level 6. HP: 41/44 MP: 9/16
  3921 | D:4      | Learned a level 3 spell: Mephitic Cloud
  3924 | D:4      | Learned a level 2 spell: Slow
  3959 | D:4      | Killed a phantom
  3959 | D:4      | Reached skill level 5 in Dodging
  4597 | D:5      | Entered Level 5 of the Dungeon
  4614 | D:5      | Reached XP level 7. HP: 30/50 MP: 10/18
  4835 | D:5      | You fall into a shaft and drop 2 floors!
  4858 | D:7      | Found a staircase to the Ecumenical Temple.
  4867 | Temple   | Entered the Ecumenical Temple
  5000 | Temple   | Became a worshipper of Vehumet
  5496 | D:6      | Found an ancient bone altar of Kikubaaqudgha.
  5580 | D:6      | You fall into a shaft and drop 1 floor!
  5584 | D:7      | HP: 2/51 [gnoll sergeant/+0 spear (13)]
  5584 | D:7      | Slain by a gnoll

Illustrated notes

Levels and vault maps discovered:
D:1:      dpeg_arrival_lava_temple_mockup, layout_loops_ring
D:2:      layout_rooms, marbit_many_paths, nicolae_overflow_crystal_walls,
          kennysheep_generic_room_11
D:3:      layout_rooms, lemuel_coloured_pillars_altar, minmay_lizard_king,
          uniq_natasha
D:4:      layout_rooms
D:5:      layout_loops_ring, gammafunk_temple_overflow_pools, first_ration,
          nemelex_spade_bored_becter, uniq_menkaure
D:6:      layout_cave_pods, kiku_gazebo_pond_becter
D:7:      layout_cave_pods, minmay_temple_entry_large_hall, serial_undead,
          serial_undead_c, serial_undead_a, serial_undead_a, serial_undead_d,
          grunt_livestock
Temple:   nicolae_temple_elliptical

Skill      XL: |  1  2  3  4  5  6  7 |
---------------+----------------------+-----
Conjurations   | 2 3 |  3.0
Summonings     | 2 3 |  3.0
Translocations | 2 3 |  3.0
Invocations    | 1 2 |  2.7
Fighting       | 1 2 |  2.5
Short Blades   | 1 2 |  2.5
Long Blades    | 1 2 |  2.5
Axes           | 1 2 |  2.5
Maces & Flails | 1 2 |  2.5
Polearms       | 1 2 |  2.5
Staves         | 1 2 |  2.5
Slings         | 1 2 |  2.5
Bows           | 1 2 |  2.5
Crossbows      | 1 2 |  2.5
Throwing       | 1 2 |  2.5
Armour         | 1 2 |  2.5
Shields        | 1 2 |  2.5
Unarmed Combat | 1 2 |  2.5
Evocations     | 1 2 |  2.5
Hexes          | 1 2 |  2.0
Charms         | 1 2 |  2.0
Necromancy     | 1 2 |  2.0
Transmutations | 1 2 |  2.0
Fire Magic     | 1 2 |  2.0
Ice Magic      | 1 2 |  2.0
Air Magic      | 1 2 |  2.0
Earth Magic    | 1 2 |  2.0
Poison Magic   | 1 2 |  2.0
Dodging        | 5 |  5.2
Stealth        | |  4.9
Spellcasting   | |  7.6

Action                   |  1- 3 |  4- 6 |  7- 9 || total
-------------------------+-------+-------+-------++-------
Melee: Dagger            |    56 |   164 |    33 ||   253
       Bite              |     3 |    14 |     3 ||    20
       Punch             |     1 |     3 |       ||     4
 Cast: Magic Dart        |    27 |    26 |       ||    53
       Call Imp          |     4 |    14 |     2 ||    20
       Slow              |       |     2 |       ||     2
       Mephitic Cloud    |       |     2 |       ||     2
       Blink             |       |       |     2 ||     2
 Stab: Sleeping          |       |    10 |     1 ||    11
       Confused          |       |     2 |       ||     2
  Eat: Chunk             |     1 |     8 |     2 ||    11
       Ration            |       |     1 |       ||     1
Armor: Robe              |     8 |     8 |     3 ||    19
Dodge: Dodged            |    43 |   102 |    19 ||   164

Table legend:
 A = Non-vault XP
 B = Vault XP
 C = Vault XP percentage of total XP
 D = Non-vault monster count
 E = Vault monster count
 F = Vault count percentage of total count
                 A         B        C        D         E       F
            +---------+---------+-------+---------+---------+-------
      Total |     857 |      48 |   5.3 |     103 |      10 |   8.8
            +---------+---------+-------+---------+---------+-------
        D:1 |      38 |       0 |   0.0 |      23 |       0 |   0.0
        D:2 |      68 |       3 |   4.2 |      27 |       2 |   6.9
        D:3 |      89 |      45 |  33.6 |      20 |       8 |  28.6
        D:4 |     317 |       0 |   0.0 |      18 |       0 |   0.0
        D:5 |     128 |       0 |   0.0 |       6 |       0 |   0.0
        D:6 |     129 |       0 |   0.0 |       8 |       0 |   0.0
        D:7 |      88 |       0 |   0.0 |       1 |       0 |   0.0
            +---------+---------+-------+---------+---------+-------
